 Dungeon Sprint DCSS version 0.29-a0-359-g541a27f54d (webtiles) character file.

Game seed: 12205469407141582431

452 Zeldest the Skirmisher (level 6, -8/56 HPs)
             Began as a Demonspawn Fighter on Apr 28, 2022.
             Was an Initiate of Jiyva.
             Mangled by a two-headed ogre
             ... wielding a +0 giant club
              (18 damage)
             ... in the Dungeon (Sprint IX: "|||||||||||||||||||||||||||||").
             The game lasted 00:01:00 (135 turns).

Zeldest the Skirmisher (Demonspawn Fighter)          Turns: 135, Time: 00:01:00

Health: -8/56      AC: 12    Str: 22    XL:     6   Next: 75%
Magic:  6/6        EV: 12    Int:  9    God:    Jiyva [......]
Gold:   0          SH:  5    Dex: 12    Spells: 5/5 levels left

rFire   . . .      SeeInvis .     - Unarmed
rCold   . . .      Faith    .   b - +0 buckler
rNeg    . . .      Spirit   .   m - +1 chain mail
rPois   .          Reflect  .   (no helmet)
rElec   .          Harm     .   (no cloak)
rCorr   .          Rampage  .   l - +0 pair of gloves
Will    .....      NoTele   +   (no boots)
Stlth   ..........              (no amulet)
HPRegen 0.18/turn               n - +3 ring of strength
MPRegen 0.20/turn               (no ring)

@: mighty, agile
A: powered by pain 2, magic regeneration, demonic touch 1
a: Renounce Religion


You were in the Dungeon.
You worshipped Jiyva.
Jiyva was noncommittal.
You visited 1 branch

Inventory:

Armour
 a - a +0 scale mail
 b - a +0 buckler (worn)
 l - a +0 pair of gloves (worn)
 m - a +1 chain mail (worn)
Jewellery
 n - a +3 ring of strength (left hand)
Wands
 k - a wand of iceblast (10)
Scrolls
 i - 2 scrolls of blinking
 j - 2 scrolls of amnesia
Potions
 c - a potion of might
 d - 5 potions of curing
 e - 3 potions of heal wounds
 f - a potion of haste
 g - 4 potions of magic
 h - a potion of invisibility


   Skills:
 + Level 7.9 Fighting
 + Level 7.2 Armour
 + Level 7.2 Shields
 + Level 6.9 Unarmed Combat


You had 5 spell levels left.
You didn't know any spells.
Your spell library was empty.

Dungeon Overview and Level Annotations

Branches:
Dungeon (1/1)

Altars:
Cheibriados
Dithmenos
Elyvilon
Fedhas
Gozag
Hepliaklqana
Kikubaaqudgha
Makhleb
Nemelex Xobeh
Okawaru
Qazlal
Ru
Sif Muna
Trog
Uskayaw
Vehumet
Wu Jian
Xom
Yredelemnul
Zin
The Shining One
Beogh
Jiyva
Lugonu


Innate Abilities, Weirdness & Mutations

You sometimes gain power by taking damage.
You regenerate magic rapidly.
Your touch may inflict minor irresistible damage on your foes.


Message History

You punch the wraith!
The wraith is almost destroyed.
The wraith closely misses you.
You closely miss the wraith.
The wraith is almost destroyed.
You block the wraith's attack.
You closely miss the wraith.
The wraith is almost destroyed.
You block the wraith's attack.
You hit the wraith.
You destroy the wraith!
Your Fighting skill increases to level 7!
Your Armour skill increases to level 6!
Your Shields skill increases to level 6!
Your Unarmed Combat skill increases to level 6!
You have reached level 6!
Your demonic ancestry asserts itself...
You feel even more energised by your suffering.
You punch the vampire mosquito!
The vampire mosquito is heavily damaged.
The vampire mosquito bites you but does no damage.
The vampire mosquito bites you.
The vampire mosquito draws strength from your injuries!
You pummel the vampire mosquito!!
You destroy the vampire mosquito!
You hear a series of splatters.
Your Armour skill increases to level 7!
Your Shields skill increases to level 7!
You punch the two-headed ogre!
The two-headed ogre is moderately wounded.
The two-headed ogre barely misses you.
The two-headed ogre hits you with a +0 giant spiked club!
* * * LOW HITPOINT WARNING * * *
You focus on the pain.
You feel agile all of a sudden.
Okay, then.
You barely miss the two-headed ogre.
The two-headed ogre is moderately wounded.
The two-headed ogre hits you with a +0 giant club!!
You die... ▓▓▓▓▓▓▓▓▓▓▓▓▓▓▓▓▓▓▓▓▓▓▓▓ ______'..)..[..=@OOW...+ ▓▓▓▓▓▓▓▓▓▓▓▓▓▓▓▓▓▓▓▓▓▓▓▓

You could see 2 two-headed ogres and a wraith.

Vanquished Creatures
  A wraith (D)
  A vampire mosquito (D)
  A centaur (D)
  A jelly (D)
  An orc priest (D)
  An iguana (D)
  An adder (D)
  A dart slug (D)
  An orc (D)
  An endoplasm (D)
  A giant cockroach (D)
  A kobold (D)
  A rat (D)
13 creatures vanquished.

Vanquished Creatures (others)
  2 great orbs of eyes (D)
  An orc knight (D)
  A water nymph (shapeshifter) (D)
  A jelly (D)
5 creatures vanquished.

Grand Total: 18 creatures vanquished

Notes
Turn   | Place    | Note
-------+----------+-------------------------------------------
     0 | D        | Zeldest the Demonspawn Fighter began the quest for the Orb.
     0 | D        | Reached XP level 1. HP: 18/18 MP: 1/1
    30 | D        | Noticed an orc priest
    30 | D        | Noticed a jelly
    30 | D        | Noticed an iguana
    35 | D        | Killed an orc priest
    36 | D        | Gained mutation: You regenerate magic rapidly. [demonic
                  | ancestry]
    36 | D        | Reached XP level 2. HP: 26/26 MP: 2/2
    36 | D        | Reached XP level 3. HP: 31/31 MP: 3/3
    42 | D        | Reached skill level 5 in Fighting
    42 | D        | Gained mutation: You sometimes gain a little power by
                  | taking damage. [demonic ancestry]
    42 | D        | Reached XP level 4. HP: 39/39 MP: 4/4
    56 | D        | Found a snail-covered altar of Cheibriados.
    56 | D        | Found a shadowy altar of Dithmenos.
    56 | D        | Found a blossoming altar of Fedhas.
    56 | D        | Found an opulent altar of Gozag.
    57 | D        | Found a hazy altar of Hepliaklqana.
    58 | D        | Found a viscous altar of Jiyva.
    59 | D        | Found an ancient bone altar of Kikubaaqudgha.
    60 | D        | Found a corrupted altar of Lugonu.
    61 | D        | Found a burning altar of Makhleb.
    62 | D        | Found a sparkling altar of Nemelex Xobeh.
    63 | D        | Found an iron altar of Okawaru.
    64 | D        | Found a stormy altar of Qazlal.
    65 | D        | Found a sacrificial altar of Ru.
    66 | D        | Became a worshipper of Jiyva Jaerphu the Shapeless
    66 | D        | Killed a water nymph
    67 | D        | Found a shimmering blue altar of Sif Muna.
    68 | D        | Found a bloodstained altar of Trog.
    69 | D        | Found a hide-covered altar of Uskayaw.
    69 | D        | Killed a great orb of eyes
    69 | D        | Killed a great orb of eyes
    70 | D        | Found a radiant altar of Vehumet.
    71 | D        | Found an ornate altar of the Wu Jian Council.
    72 | D        | Found a shimmering altar of Xom.
    73 | D        | Found a basalt altar of Yredelemnul.
    82 | D        | Killed an orc knight
   113 | D        | Noticed a centaur
   113 | D        | Noticed a wraith
   113 | D        | Noticed a vampire mosquito
   113 | D        | Noticed a two-headed ogre
   113 | D        | Noticed a two-headed ogre
   113 | D        | Noticed a wraith
   121 | D        | Killed a centaur
   122 | D        | Reached skill level 5 in Armour
   122 | D        | Reached skill level 5 in Shields
   122 | D        | Reached skill level 5 in Unarmed Combat
   122 | D        | Gained mutation: Your touch may inflict minor irresistible
                  | damage on your foes. [demonic ancestry]
   122 | D        | Reached XP level 5. HP: 32/46 MP: 5/5
   131 | D        | Killed a wraith
   132 | D        | Gained mutation: You sometimes gain power by taking damage.
                  | [demonic ancestry]
   132 | D        | Reached XP level 6. HP: 25/55 MP: 6/6
   133 | D        | Killed a vampire mosquito
   135 | D        | Mangled by a two-headed ogre

Illustrated notes

Levels and vault maps discovered:
D:        linesprint [early_d, line_temple, items_1, d_10, items_2, lair_1,
          lair_end, items_3, orc_1, orc_end, items_4, d_15, swamp_1, shoals_1,
          snake_1, spider_1, d_20, vaults_1, items_5, swamp_end, shoals_end,
          snake_end, spider_end, vaults_end, d_27, items_6, zot_1, zot_end,
          crypt_end, forest_end, elf_end, slime_end, tomb_end, abyss_end,
          pan_hell_end]

Skill      XL: |  1  2  3  4  5  6 |
---------------+-------------------+-----
Unarmed Combat | 3 4 5 6 |  6.9
Armour         | 3 4 5 6 7 |  7.2
Shields        | 4 5 6 7 |  7.2
Fighting       | 4 5 6 7 |  7.9

Action                   |  1- 3 |  4- 6 || total
-------------------------+-------+-------++-------
Melee: Unarmed           |    30 |    29 ||    59
  Use: Potion            |     1 |       ||     1
Armor: Scale mail        |    10 |       ||    10
       Chain mail        |       |    12 ||    12
Dodge: Dodged            |     7 |    11 ||    18
Block: Buckler           |     1 |     8 ||     9

Table legend: (Time is in decaauts)
 A = Elapsed time spent in this place.
 B = Non-inter-level travel time spent in this place.
 C = Inter-level travel time spent in this place.
 D = Time resting spent in this place.
 E = Time spent auto-exploring this place.
 F = Levels seen in this place.
 G = Mean time per level.
                   A        B        C        D        E       F      G
               +--------+--------+--------+--------+--------+-----+--------+
         Total |    136 |    136 |      0 |      0 |      0 |   1 |  136.0 |
       Dungeon |    136 |    136 |      0 |      0 |      0 |   1 |  136.0 |
               +--------+--------+--------+--------+--------+-----+--------+

Top non-repeatable levels by time:
       D: 136 daAuts
